cohdb
Replays
Latest Replays
All Replays
Popular Replays
Top Player Replays
Match Explorer
How It Works
Community
CoH3 Stats
Reddit
Sign in to upload your games and track your stats! →
Sign in with Steam
Match 47059885
Unlisted
Match 47059885
Overview
Messages
Build Orders
End
Scout Squad
Selects Airborne Battlegroup
Selects Heavy Machine Gun Paradrop
Heavy Machine Gun Paradrop
Engineer Squad
Heavy Machine Gun Paradrop
Heavy Machine Gun Paradrop
Infantry Support Center
Construct Weapon Support Center
Selects Paratrooper Squad Paradrop
Construct Medical Station
M3 Armored Personnel Carrier
Paratrooper Squad Paradrop
Paratrooper Squad Paradrop
Selects Recon Loiter
Recon Loiter
Bazooka Squad
Selects Anti-tank Gun Team Paradrop
Recon Loiter
Construct Tank Depot
Advanced Logistics
Recon Loiter
M4A1 Sherman Medium Tank
Selects Supply Drop
Selects Dual P-47 Rocket Strike
Recon Loiter
FeriG
Rei
0
0
Comments
sign in to comment!
No comments posted yet!